 Dungeon Crawl Stone Soup version 0.19-a0-1260-gc94d3f7 (webtiles) character file.

15700 RogueShenanigans the Spear-Bearer (level 12, 0/97 HPs)
             Began as a Merfolk Skald on Aug 28, 2016.
             Was a High Priest of Okawaru.
             Slain by a death yak (19 damage)
             ... on level 2 of the Lair of Beasts on Aug 29, 2016.
             The game lasted 00:56:42 (16419 turns).

RogueShenanigans the Spear-Bearer (Merfolk Skald)  Turns: 16419, Time: 00:56:42

Health: 0/97       AC: 14    Str: 14    XL:     12   Next: 29%
Magic:  4/19       EV: 25    Int: 14    God:    Okawaru [*****.]
Gold:   620        SH:  0    Dex: 17    Spells: 4 memorised, 12 levels left

rFire  . . .     SeeInvis .     x - +1 trident
rCold  . . .     Gourm    +     m - +1 steam dragon armour
rNeg   . . .     Faith    .     (no shield)
rPois  .         Spirit   .     u - +0 helmet
rElec  .         Dismiss  .     (no cloak)
rCorr  .         Reflect  .     i - +1 pair of gloves {Dex+3}
MR     .....     Harm     .     (no boots)
Stlth  +++.......               q - amulet of the gourmand
                                r - +4 ring of protection
                                l - ring of wizardry

@: heroism
A: change form in water, swift swim, stealthy swim
a: Heroism, Finesse, Renounce Religion


You were on level 2 of the Lair of Beasts.
You worshipped Okawaru.
Okawaru was extremely pleased with you.
You were not hungry.

You visited 2 branches of the dungeon, and saw 12 of its levels.
You also visited: Labyrinth.

You collected 772 gold pieces.
You spent 152 gold pieces at shops.

Inventory:

Hand Weapons
 x - a +1 trident (weapon)
Missiles
 O - 40 stones (quivered)
Armour
 b - a +0 leather armour
 i - a +1 pair of gloves of dexterity (worn)
 m - a +1 steam dragon armour (worn)
 u - a +0 helmet (worn)
 L - a +0 pair of gloves
Jewellery
 l - a ring of wizardry (left hand)
 q - an amulet of the gourmand (around neck)
 r - a +4 ring of protection (right hand)
 N - an uncursed ring of protection from cold
 Q - an uncursed ring of protection from fire
 S - a +4 ring of dexterity
Wands
 s - a wand of polymorph (15/24)
 w - a wand of iceblast (0/15)
 T - a wand of iceblast (12/15)
Scrolls
 a - 2 scrolls of identify
 f - 2 scrolls of remove curse
 n - a scroll of teleportation
 o - 6 scrolls of recharging
 t - a scroll of fear
 v - 2 scrolls of enchant weapon
 G - 3 scrolls of enchant armour
 M - a scroll of amnesia
 R - a scroll of blinking
Potions
 g - 2 potions of brilliance
 h - 4 potions of agility
 p - 6 potions of curing
 z - a potion of cancellation
 E - 2 potions of lignification
 F - a potion of haste
 H - a potion of resistance {unknown}
 I - a potion of flight
Books
 c - a book of Battle

   Spells                             Type                      Level
   a - Infusion                       Charms                       1
   b - Shroud of Golubria             Charms/Translocation         2
   c - Song of Slaying                Charms                       2
   d - Spectral Weapon                Hexes/Charms                 3
   e - Regeneration                   Charms/Necromancy            3
 K - a book of Party Tricks

   Spells                             Type                      Level
   a - Summon Butterflies             Summoning                    1
   b - Apportation                    Translocation                1
   c - Tukima's Dance                 Hexes                        3
   d - Alistair's Intoxication        Transmutation/Poison         5
   e - Invisibility                   Hexes                        6
 P - a book of the Sky

   Spells                             Type                      Level
   a - Summon Lightning Spire         Summoning/Air                4
   b - Airstrike                      Air                          4
   c - Silence                        Hexes/Air                    5
   d - Deflect Missiles               Charms/Air                   6
   e - Conjure Ball Lightning         Conjuration/Air              6
   f - Tornado                        Air                          9
Comestibles
 d - 9 bread rations
 j - 2 slices of pizza
 k - 10 beef jerkies
 A - 5 meat rations
 C - 6 fruits
 J - 9 royal jellies


   Skills:
 + Level 10.3(15.3) Fighting
 - Level 13.3(18.3) Polearms
 - Level 0.6(5.6) Armour
 + Level 11.7(16.7) Dodging
 + Level 5.2 Spellcasting
 - Level 3.0 Hexes
 - Level 7.1 Charms
 - Level 8.6 Invocations


You had 12 spell levels left.
You knew the following spells:

 Your Spells              Type           Power        Failure   Level  Hunger
a - Infusion              Chrm           ###.         1%          1    None
b - Shroud of Golubria    Chrm/Tloc      ##........   4%          2    ##.....
c - Spectral Weapon       Hex/Chrm       ###.....     4%          3    ###....
d - Regeneration          Chrm/Necr      ##........   6%          3    ###....


Dungeon Overview and Level Annotations

Branches:
Dungeon (10/15)            Temple (0/1) D:7            Lair (2/6) D:9
 Spider (0/4) Lair:2
  Swamp: Lair:2-4    Shoals: Lair:2-4       Orc: D:9-12

Altars:
Ashenzari
Elyvilon
Fedhas
Gozag
Kikubaaqudgha
Okawaru
Ru
Sif Muna
Xom

Shops:
D:5 [   D:8 *

Annotations:
D:9 Psyche


Message History

You hit the death yak but do no damage.
The death yak is almost dead.
The death yak closely misses you.
You hit the death yak but do no damage.
The death yak is almost dead.
The death yak misses you.
You barely miss the death yak.
The death yak is almost dead.
You hit the death yak but do no damage.
The death yak is almost dead.
The death yak misses you.
You hit the death yak but do no damage.
The death yak is almost dead.
You completely miss the death yak.
The death yak is almost dead.
The death yak completely misses you.
You hit the death yak.
The death yak is almost dead.
The death yak gores you!!
You die...

.).##### ....#..# #####
.......###### ###...#
..........#.#####.....#
......#......#....#..##
........#.###....#..##
........### ##...P..#
......### #.Y....##
......# #..@....#
......# ##....<..#
.....## #........##
...".# ##........#
.###.# #.###...### ##
### ### ##.## ###


You could see a death yak.

Vanquished Creatures
  A minotaur (Lab)
  3 death yaks
  The ghost of PeterMcNeter the Grappler, a novice TrBe of Trog (D:8)
  Sonja (Lair:2)
  2 black mambas
  2 spiny frogs
  3 komodo dragons (Lair:2)
  A two-headed ogre (D:8)
  Grinder (D:6)
  Prince Ribbit (D:9)
  3 redbacks (Lair:2)
  A vampire (D:9)
  11 yaks
  2 hippogriffs
  A hungry ghost (D:9)
  A steam dragon (D:8)
  Edmund (D:5)
  A soldier ant (D:8)
  3 water moccasins
  7 porcupines
  4 ice beasts
  A sky beast (D:7)
  An eye of draining (D:9)
  2 black bears
  5 orc warriors
  3 wasps (D:8)
  A necrophage (D:8)
  A phantom (D:8)
  An ogre (D:5)
  5 wolves (Lair:1)
  4 centaurs
  4 crocodiles
  7 giant frogs
  3 scorpions
  3 killer bees (D:9)
  5 wights (D:6)
  2 howler monkeys
  2 centaur zombies
  3 giant frog zombies
  A giant frog skeleton (D:9)
  6 hounds
  A jelly (D:6)
  7 orc priests
  9 orc wizards
  Jessica (D:3)
  6 iguanas
  4 worker ants
  A hound skeleton (D:5)
  Robin (D:3)
  3 gnolls (D:7)
  12 adders
  33 river rats
  3 shadow imps
  2 oozes
  An adder skeleton (D:6)
  A worm (D:5)
  7 giant geckos
  41 orcs
  16 bats
  4 giant cockroaches
  15 goblins
  6 hobgoblins
  8 jackals
  A quokka (D:9)
  2 ball pythons (D:4)
  A giant gecko skeleton (D:6)
  5 giant newts
  A jackal skeleton (D:8)
  6 kobolds
  A quokka skeleton (D:5)
  A quokka zombie (D:8)
  13 rats
324 creatures vanquished.

Vanquished Creatures (others)
  An orc (D:8)
  3 fungi
  2 plants (Lair:2)
  18 spectral weapons
24 creatures vanquished.

Grand Total: 348 creatures vanquished

Notes
Turn   | Place    | Note
-------+----------+-------------------------------------------
     0 | D:1      | RogueShenanigans the Merfolk Skald began the quest for the Orb.
     0 | D:1      | Reached XP level 1. HP: 16/16 MP: 3/3
   127 | D:1      | Reached XP level 2. HP: 13/23 MP: 5/5
   132 | D:1      | Learned a level 2 spell: Shroud of Golubria
   992 | D:1      | Reached skill level 4 in Polearms
  1064 | D:1      | Reached XP level 3. HP: 21/29 MP: 6/6
  1329 | D:2      | Found an opulent altar of Gozag.
  1834 | D:2      | Learned a level 3 spell: Spectral Weapon
  1947 | D:3      | Reached skill level 5 in Polearms
  1947 | D:3      | Reached XP level 4. HP: 35/35 MP: 4/7
  1959 | D:3      | Noticed Robin
  1989 | D:3      | Killed Robin
  2181 | D:3      | Noticed Jessica
  2190 | D:3      | Killed Jessica
  2190 | D:3      | Reached XP level 5. HP: 42/42 MP: 2/8
  2214 | D:3      | Reached skill level 6 in Polearms
  2384 | D:3      | Found a blossoming altar of Fedhas.
  3438 | D:4      | Reached skill level 7 in Polearms
  3438 | D:4      | Reached XP level 6. HP: 40/48 MP: 5/9
  3603 | D:4      | Found an iron altar of Okawaru.
  3607 | D:4      | Became a worshipper of Warmaster Okawaru
  3629 | D:5      | Entered Level 5 of the Dungeon
  4015 | D:5      | Reached skill level 8 in Polearms
  4015 | D:5      | Reached XP level 7. HP: 37/55 MP: 6/10
  4115 | D:5      | Found Oqukhau's Armour Shop.
  4356 | D:5      | Reached skill level 5 in Fighting
  4613 | D:5      | Reached * piety under Okawaru
  4810 | D:5      | Found a sacrificial altar of Ru.
  4888 | D:5      | Reached skill level 9 in Polearms
  4891 | D:5      | Noticed Edmund
  4935 | D:5      | Killed Edmund
  4935 | D:5      | Reached skill level 5 in Dodging
  4935 | D:5      | Reached skill level 1 in Invocations
  4935 | D:5      | Reached XP level 8. HP: 55/63 MP: 3/11
  4970 | D:5      | Found a deep blue altar of Sif Muna.
  4973 | D:5      | Found a white marble altar of Elyvilon.
  4976 | D:5      | Found a shimmering altar of Xom.
  5098 | D:5      | Found a shattered altar of Ashenzari.
  5652 | D:6      | Learned a level 3 spell: Regeneration
  5760 | D:6      | Noticed Grinder
  5768 | D:6      | Paralysed by Grinder for 4 turns
  5777 | D:6      | Killed Grinder
  5777 | D:6      | Reached skill level 10 in Polearms
  6018 | D:6      | Reached ** piety under Okawaru
  6293 | D:6      | Found an ancient bone altar of Kikubaaqudgha.
  6465 | D:6      | Found a sacrificial altar of Ru.
  6733 | D:7      | Reached skill level 11 in Polearms
  6814 | D:7      | Reached XP level 9. HP: 70/70 MP: 12/12
  7130 | D:7      | Found a staircase to the Ecumenical Temple.
  7542 | D:8      | Noticed PeterMcNeter's ghost (novice TrBe)
  7881 | D:7      | Reached skill level 12 in Polearms
  8222 | D:8      | Reached *** piety under Okawaru
  8224 | D:8      | Found Suj Heamubah's Assorted Antiques.
  8889 | D:8      | Killed PeterMcNeter's ghost
  8889 | D:8      | Reached **** piety under Okawaru
  8889 | D:8      | Reached skill level 13 in Polearms
  8889 | D:8      | Reached skill level 5 in Invocations
  8889 | D:8      | Reached XP level 10. HP: 69/78 MP: 6/14
  8989 | D:8      | Bought a scroll labeled LOCZYF FOZEX for 32 gold pieces
  8989 | D:8      | Bought a scroll of identify for 64 gold pieces
  8989 | D:8      | Bought a fuming purple potion for 28 gold pieces
  8989 | D:8      | Bought a murky blue potion for 28 gold pieces
  9199 | D:8      | Reached skill level 1 in Hexes
  9793 | D:9      | Reached ***** piety under Okawaru
  9872 | D:9      | Noticed Prince Ribbit
  9892 | D:9      | Killed Prince Ribbit
 10030 | D:9      | Noticed Psyche
 10639 | D:10     | Entered Level 10 of the Dungeon
 11054 | D:10     | Noticed a hill giant
 11114 | D:9      | Found a staircase to the Lair.
 11121 | D:9      | Reached skill level 5 in Charms
 11677 | Lair:1   | Entered Level 1 of the Lair of Beasts
 11699 | Lair:1   | Noticed a spiny frog
 11718 | Lair:1   | Killed a spiny frog
 11888 | Lair:1   | Received a gift from Okawaru
 11927 | Lair:1   | Reached XP level 11. HP: 59/86 MP: 7/16
 12335 | Lair:1   | Reached skill level 10 in Dodging
 13334 | Lair:2   | Found a labyrinth entrance.
 13349 | Lab      | Entered a labyrinth
 13502 | Lab      | Noticed a minotaur
 13512 | Lab      | Killed a minotaur
 13512 | Lab      | Received a gift from Okawaru
 13742 | Lab      | Got a distressingly furry plate armour
 14512 | Lair:2   | Noticed a death yak
 14513 | Lair:2   | Noticed a death yak
 14518 | Lair:2   | Noticed a death yak
 14522 | Lair:2   | Noticed a death yak
 15199 | Lair:2   | Found a hole to the Spider Nest.
 15462 | Lair:2   | Noticed Sonja
 15485 | Lair:2   | Killed Sonja
 15485 | Lair:2   | Reached XP level 12. HP: 97/97 MP: 15/18
 15839 | Lair:1   | Killed a death yak
 16103 | Lair:2   | Reached skill level 10 in Fighting
 16348 | Lair:2   | Killed a death yak
 16348 | Lair:2   | Reached skill level 5 in Spellcasting
 16393 | Lair:2   | Killed a death yak
 16402 | Lair:2   | HP: 2/97 [death yak (17)]
 16419 | Lair:2   | Slain by a death yak

Vault maps used:
D:1:      lemuel_arrival_cross, lemuel_another_geyser
D:2:      lemuel_crystal_altar
D:3:      marbit_many_paths, uniq_robin, uniq_jessica
D:4:      kennysheep_mini, hangedman_abyss_or_decor_lesser_grid
D:5:      grunt_temple_overflow_diamond, ashenzari_altar_1, first_bread,
          serial_shops, nicolae_shop_waterfront, minivault_19, st_stairs_11,
          nicolae_ru_the_path_less_chosen, uniq_edmund
D:6:      lemuel_doored_altar, old_standard_altar, uniq_grinder
D:8:      serial_shops, nicolae_shop_stone, hangedman_pestilent_swarm
D:9:      grunt_lair_entry_orc_guard_hut, uniq_prince_ribbit1, uniq_psyche
D:10:     minmay_three_doors
Lair:1:   small_statue_intersection, grunt_megastairs_1
Lair:2:   spider_nest_entry_webs, lab_entry_generic, beast_lair_carwin_3,
          uniq_sonja
Lab:      labyrinth_mini_lab, nicolae_lab_very_dead_end, lab_fountain,
          labyrinth_lava_lair, labyrinth_skeletal_remains, labyrinth_glass_1,
          nicolae_lab_starburst, nicolae_lab_t_cross, nicolae_lab_big_swirl,
          lab_hedge, nicolae_lab_grate_2, nicolae_lab_blocks,
          nicolae_lab_do_over, nicolae_lab_garden

Skill      XL: |  1  2  3  4  5  6  7  8  9 10 11 12 |
---------------+-------------------------------------+-----
Fighting       | 3 4 5 6 7 8 9 10 | 10.3
Polearms       | 4 5 7 8 9 11 13 | 13.3
Dodging        | 2 3 4 5 6 8 9 11 | 11.7
Invocations    | 1 3 5 6 8 |  8.6
Hexes          | 3 |  3.0
Charms         | 5 7 |  7.1
Spellcasting   | 4 5 |  5.2
Armour         | |  0.6

Action                   |  1- 3 |  4- 6 |  7- 9 | 10-12 || total
-------------------------+-------+-------+-------+-------++-------
Melee: Spear             |   142 |   245 |   271 |       ||   658
       Trident           |       |       |   282 |   780 ||  1062
 Cast: Spectral Weapon   |     1 |    13 |    28 |    51 ||    93
       Shroud of Golubri |     1 |     3 |     6 |    11 ||    21
       Infusion          |     1 |       |       |     1 ||     2
       Regeneration      |       |       |     1 |    13 ||    14
Invok: Heroism           |       |       |       |     1 ||     1
       Finesse           |       |       |       |     1 ||     1
Evoke: Wand              |       |       |       |     3 ||     3
  Use: Scroll            |     3 |     6 |     7 |    11 ||    27
       Potion            |       |       |     2 |     5 ||     7
 Stab: Sleeping          |       |     3 |       |     3 ||     6
       Distracted        |       |     1 |     2 |     6 ||     9
  Eat: Chunk             |     3 |     9 |    29 |    29 ||    70
Armor: Leather armour    |    23 |       |       |       ||    23
       Steam dragon armo |     5 |    58 |    95 |   114 ||   272
Dodge: Dodged            |    76 |    78 |   221 |   377 ||   752
